 Dungeon Crawl Stone Soup version 0.22-a0-542-gce4f928 (webtiles) character file.

11336 inc the Cleaver (level 11, 0/97 HPs)
             Began as a Gnoll Chaos Knight on June 24, 2018.
             Slain by a polar bear (16 damage)
             ... in an ice cave.
             The game lasted 00:35:07 (13082 turns).

inc the Cleaver (Gnoll Chaos Knight)               Turns: 13082, Time: 00:35:07

Health: 0/97       AC: 12    Str: 18    XL:     11   Next: 76%
Magic:  20/20      EV: 18    Int: 20    God:    Xom [.*....]
Gold:   365        SH:  5    Dex: 14    Spells: 23/23 levels left

rFire    + + +     SeeInvis .   M - +2 whip (pain)
rCold    + . .     Gourm    .   p - +0 buckler
rNeg     . . .     Faith    .   G - +2 leather armour {MR+}
rPois    .         Spirit   .   l - +2 hat
rElec    .         Reflect  .   (no cloak)
rCorr    .         Harm     .   h - +1 pair of gloves
MR       +....                  (no boots)
Stlth    +++.......             A - amulet of the acrobat
HPRegen  0.26/turn              m - ring of protection from fire
MPRegen  0.17/turn              I - +5 ring of intelligence

@: hasted, very quick
A: distributed training, fangs 1, talons 1, repulsion field 1, icy blue scales
1, cold resistance 1, dopey 1, fire resistance 2, robust 1, strong 1, evolution
1, strong nose
a: Renounce Religion


You were in an ice cave.
You worshipped Xom.
You were a plaything of Xom.
You were not hungry.

You visited 2 branches of the dungeon, and saw 13 of its levels.
You also visited: Ice Cave.

You collected 687 gold pieces.
You spent 322 gold pieces at shops.

Inventory:

Hand Weapons
 a - a +0 hand axe of chaos
 E - a +1 dagger of speed
 F - a +2 rapier of venom
 M - a +2 whip of pain (weapon)
Missiles
 J - 2 curare-tipped needles
 K - 5 needles of sleeping
 N - 3 needles of frenzy
 O - 7 poisoned needles
Armour
 b - a +2 leather armour
 h - a +1 pair of gloves (worn)
 i - a +0 chain mail of fire resistance
 l - a +2 hat (worn)
 p - a +0 buckler (worn)
 B - a +0 shield
 G - a +2 leather armour of magic resistance (worn)
Magical Staves
 y - an uncursed staff of air
Jewellery
 m - a ring of protection from fire (left hand)
 n - an uncursed ring of wizardry
 A - an amulet of the acrobat (around neck)
 I - a +5 ring of intelligence (right hand)
Wands
 j - a wand of acid (3)
 r - a wand of random effects (23)
 D - a wand of polymorph (11)
Scrolls
 d - 8 scrolls of identify
 g - 2 scrolls of enchant armour
 o - 4 scrolls of blinking
 q - 8 scrolls of teleportation
 t - a scroll of enchant weapon
 x - 2 scrolls of remove curse
 L - a scroll of acquirement {unknown}
Potions
 f - 4 potions of degeneration
 k - 2 potions of curing
 s - a potion of brilliance
 v - a potion of haste
 w - 3 potions of magic
 z - a potion of flight
 P - a potion of might
Comestibles
 c - 16 rations


   Skills:
 + Level 9.3 Fighting
 + Level 6.5 Short Blades
 + Level 6.5 Long Blades
 + Level 9.3 Axes
 + Level 6.5 Maces & Flails
 + Level 6.5 Polearms
 + Level 6.5 Staves
 + Level 6.5 Slings
 + Level 6.5 Bows
 + Level 6.5 Crossbows
 + Level 6.5 Throwing
 + Level 8.0 Armour
 + Level 7.0 Dodging
 + Level 6.5 Stealth
 + Level 6.5 Shields
 + Level 6.5 Unarmed Combat
 + Level 6.5 Spellcasting
 + Level 5.3 Conjurations
 + Level 5.3 Hexes
 + Level 5.3 Charms
 + Level 5.3 Summonings
 + Level 5.3 Necromancy
 + Level 5.3 Translocations
 + Level 5.3 Transmutations
 + Level 5.3 Fire Magic
 + Level 5.3 Ice Magic
 + Level 5.3 Air Magic
 + Level 5.3 Earth Magic
 + Level 5.3 Poison Magic
 + Level 7.1 Invocations
 + Level 6.5 Evocations


You had 23 spell levels left.
You didn't know any spells.
Your spell library was empty.

Dungeon Overview and Level Annotations

Branches:
Dungeon (10/15)            Temple (0/1) D:7            Lair (3/6) D:9
  Swamp (0/4) Lair:2       Spider (0/4) Lair:3          Orc (0/2) D:10

Altars:
Ashenzari
Elyvilon
Fedhas
Makhleb
Okawaru
Qazlal
Sif Muna
Uskayaw
Vehumet
Xom

Shops:
D:6 ?   D:7 *   D:9 *

Annotations:
D:7 3 runed doors, DEFE's ghost, amateur DECj; Tungsten's ghost, novice GnWz; inc's ghost, novice OpEE
D:10 Gastronok
Lair:3 Harold


Innate Abilities, Weirdness & Mutations

Your experience applies equally to all skills.
You have very sharp teeth.
Your uncanny sense of smell can sniff out nearby items.
You have sharp toenails.
You are surrounded by a mild repulsion field. (EV +2)
You are partially covered in icy blue scales. (AC +2)
Your flesh is cold resistant. (rC+)
You are dopey. (Int -2)
Your flesh is very heat resistant. (rF++)
You are robust. (+10% HP)
Your muscles are strong. (Str +2)
You evolve.


Message History

The polar bear completely misses you.
The polar bear claws you but does no damage.
The polar bear closely misses you.
You hit the polar bear but do no damage.
The polar bear bites you!
* * * LOW HITPOINT WARNING * * *
The polar bear claws you.
* * * LOW HITPOINT WARNING * * *
The polar bear claws you but does no damage.
Unknown command.
You bump into the ice covered rock wall.
The polar bear bites you!
* * * LOW HITPOINT WARNING * * *
The polar bear barely misses you. The polar bear misses you.
Unknown command.
You feel better. The polar bear completely misses you.
The polar bear barely misses you. The polar bear closely misses you.
The polar bear bites you!
You die...
Xom laughs nastily!

##### ∆
##..∩# ##
#∩..## .#
#....# ..##
#...## #...#
##..####...#
#.h@##..†#
#.h##...## ∆
#...h..##
##...###
#####


You could see 2 polar bears.

Vanquished Creatures
  A hydra (D:9)
  2 two-headed ogres
  Pikel (D:7)
  A guardian serpent (D:9)
  A rime drake (Lair:3)
  A komodo dragon (D:9)
  A troll (D:10)
  Prince Ribbit (D:7)
  A hippogriff (D:8)
  A spriggan (D:7)
  A tarantella (Lair:3)
  5 yaks (Lair:2)
  Eustachio (D:6)
  2 hungry ghosts (D:8)
  Edmund (D:5)
  3 water moccasins
  2 porcupines (Lair:2)
  2 slaves (D:7)
  An ice beast (D:8)
  3 phantoms
  2 sky beasts
  3 black bears
  4 orc warriors
  7 ogres
  5 centaurs
  3 wolves (IceCv)
  A crocodile (Lair:1)
  3 big kobolds
  Blork the orc (D:6)
  9 bullfrogs
  2 gnoll sergeants (D:10)
  A scorpion (D:4)
  2 killer bees (D:10)
  6 howler monkeys
  A centaur zombie (D:5)
  6 crimson imps
  3 jellies
  5 hounds
  9 orc priests
  A bullfrog skeleton (D:6)
  An iguana (D:8)
  4 centaur skeletons
  9 worker ants
  7 orc wizards
  2 hound zombies
  2 worker ant zombies
  5 gnolls
  11 adders
  A shadow imp (D:5)
  2 oozes
  An adder skeleton (D:4)
  An adder zombie (D:8)
  3 worms
  5 leopard geckos
  36 orcs
  4 giant cockroaches
  A goblin (shapeshifter) (D:6)
  6 goblins
  5 hobgoblins
  4 jackals
  2 quokkas
  9 bats
  3 frilled lizards
  A jackal skeleton (D:6)
  8 kobolds
  A leopard gecko zombie (D:5)
  5 rats
245 creatures vanquished.

Vanquished Creatures (collateral kills)
  A hippogriff (D:10)
  A gnoll sergeant (D:10)
2 creatures vanquished.

Vanquished Creatures (others)
  An orc warrior (D:10)
  2 ogres (D:10)
  2 slaves (D:7)
  A big kobold (D:10)
  A gnoll sergeant (D:10)
  2 howler monkeys (D:7)
  2 orcs
  A plant (D:9)
12 creatures vanquished.

Grand Total: 259 creatures vanquished

Notes
Turn   | Place    | Note
-------+----------+-------------------------------------------
     0 | D:1      | inc the Gnoll Chaos Knight began the quest for the Orb.
     0 | D:1      | Reached XP level 1. HP: 23/23 MP: 1/1
   195 | D:1      | Reached XP level 2. HP: 24/29 MP: 2/2
   547 | D:2      | Reached XP level 3. HP: 35/35 MP: 3/3
   637 | D:2      | Reached skill level 1 in Invocations
   680 | D:2      | Reached skill level 1 in Short Blades
   680 | D:2      | Reached skill level 1 in Long Blades
   680 | D:2      | Reached skill level 1 in Maces & Flails
   680 | D:2      | Reached skill level 1 in Polearms
   680 | D:2      | Reached skill level 1 in Staves
   680 | D:2      | Reached skill level 1 in Slings
   680 | D:2      | Reached skill level 1 in Bows
   680 | D:2      | Reached skill level 1 in Crossbows
   680 | D:2      | Reached skill level 1 in Throwing
   680 | D:2      | Reached skill level 1 in Stealth
   680 | D:2      | Reached skill level 1 in Shields
   680 | D:2      | Reached skill level 1 in Unarmed Combat
   680 | D:2      | Reached skill level 1 in Spellcasting
   680 | D:2      | Reached skill level 1 in Evocations
   703 | D:2      | Reached XP level 4. HP: 33/41 MP: 5/5
   772 | D:2      | Found a blossoming altar of Fedhas.
   919 | D:2      | XOM: silly message
  1067 | D:3      | XOM: divination: detect items
  1160 | D:3      | XOM: 2-stop teleportation journey
  1172 | D:3      | XOM: swap monsters
  1174 | D:3      | XOM: confuse monster(s)
  1190 | D:3      | Reached skill level 1 in Conjurations
  1190 | D:3      | Reached skill level 1 in Hexes
  1190 | D:3      | Reached skill level 1 in Charms
  1190 | D:3      | Reached skill level 1 in Summonings
  1190 | D:3      | Reached skill level 1 in Necromancy
  1190 | D:3      | Reached skill level 1 in Translocations
  1190 | D:3      | Reached skill level 1 in Transmutations
  1190 | D:3      | Reached skill level 1 in Fire Magic
  1190 | D:3      | Reached skill level 1 in Ice Magic
  1190 | D:3      | Reached skill level 1 in Air Magic
  1190 | D:3      | Reached skill level 1 in Earth Magic
  1190 | D:3      | Reached skill level 1 in Poison Magic
  1194 | D:3      | Reached XP level 5. HP: 19/47 MP: 6/6
  1490 | D:3      | XOM: harmless Necr miscast
  2155 | D:4      | XOM: harmless Pois miscast
  2163 | D:5      | Entered Level 5 of the Dungeon
  2167 | D:5      | XOM: harmless Erth miscast
  2383 | D:5      | XOM: confusion
  2389 | D:5      | Reached XP level 6. HP: 53/53 MP: 8/8
  2419 | D:5      | Found a shimmering altar of Xom.
  2421 | D:5      | XOM: mild Chrm miscast
  2436 | D:5      | XOM: summons 3 hostile demons
  2449 | D:5      | XOM: give mutations
  2449 | D:5      | Gained mutation: Armour fits poorly on your strangely shaped body. [Xom's mischief]
  2449 | D:5      | Gained mutation: You are dopey. (Int -2) [Xom's mischief]
  2449 | D:5      | Gained mutation: You are weak. (Str -2) [Xom's mischief]
  2449 | D:5      | Gained mutation: You are frail. (-10% HP) [Xom's mischief]
  2456 | D:4      | Reached skill level 5 in Armour
  2672 | D:4      | Found a radiant altar of Vehumet.
  2672 | D:4      | Found a white marble altar of Elyvilon.
  2672 | D:4      | Found a hide-covered altar of Uskayaw.
  2672 | D:4      | Found a burning altar of Makhleb.
  2691 | D:4      | Found a stormy altar of Qazlal.
  2691 | D:4      | Found an iron altar of Okawaru.
  2861 | D:4      | Reached XP level 7. HP: 47/53 MP: 10/10
  2939 | D:4      | XOM: harmless Pois miscast
  3027 | D:4      | XOM: give mutations
  3027 | D:4      | Gained mutation: Scrolls take you a little longer to read. [Xom's mischief]
  3242 | D:5      | Found a deep blue altar of Sif Muna.
  3247 | D:5      | XOM: 1-stop teleportation journey
  3384 | D:5      | Noticed Edmund
  3391 | D:5      | XOM: mild Fire miscast
  3702 | D:6      | XOM: confusion (+ monsters)
  3752 | D:6      | Found Royblafa's Magic Scroll Shoppe.
  3755 | D:6      | Bought a scroll of blinking for 75 gold pieces
  3755 | D:6      | Bought a scroll of teleportation for 30 gold pieces
  3819 | D:6      | XOM: scenery: 3 doors open, 1 doors close
  3819 | D:6      | Noticed Blork the orc
  3835 | D:6      | Killed Blork the orc
  3835 | D:6      | Reached XP level 8. HP: 41/60 MP: 12/12
  4281 | D:6      | Noticed Eustachio
  4289 | D:6      | XOM: potion effect (agility)
  4307 | D:6      | Killed Eustachio
  4514 | D:6      | Noticed a two-headed ogre
  4645 | D:5      | Found a shattered altar of Ashenzari.
  4743 | D:5      | XOM: god gift: 34 gold pieces
  4788 | D:5      | XOM: scenery: create altars
  4803 | D:5      | Killed Edmund
  5449 | D:7      | Found Laguam's Assorted Antiques.
  5452 | D:7      | Bought a scroll of blinking for 217 gold pieces
  5693 | D:7      | Found a runed gate.
  5801 | D:7      | Noticed Pikel
  5816 | D:7      | XOM: potion effect (brilliance)
  5817 | D:7      | Killed Pikel
  5817 | D:7      | Reached XP level 9. HP: 51/65 MP: 13/15
  5856 | D:7      | Found a staircase to the Ecumenical Temple.
  6110 | D:7      | Noticed Prince Ribbit
  6193 | D:7      | Found a runed gate.
  6193 | D:7      | Noticed Tungsten's ghost (novice GnWz)
  6194 | D:7      | Found a runed gate.
  6194 | D:7      | Noticed inc's ghost (novice OpEE)
  6196 | D:7      | Noticed DEFE's ghost (amateur DECj)
  6196 | D:7      | Noticed Tungsten's ghost (novice GnWz)
  6475 | D:7      | Reached skill level 5 in Dodging
  6719 | D:7      | XOM: potion effect (berserk rage)
  6724 | D:7      | Killed Prince Ribbit
  7063 | D:7      | XOM: silly message
  7145 | D:8      | Reached skill level 5 in Invocations
  7331 | D:8      | XOM: noise
  7568 | D:8      | XOM: harmless Erth miscast
  7587 | D:8      | XOM: 2-stop teleportation journey
  7695 | D:8      | Lost mutation: Armour fits poorly on your strangely shaped body. [potion of mutation]
  7695 | D:8      | Lost mutation: You are weak. (Str -2) [potion of mutation]
  7695 | D:8      | Lost mutation: You are frail. (-10% HP) [potion of mutation]
  7695 | D:8      | Gained mutation: You evolve. [potion of mutation]
  7695 | D:8      | Gained mutation: You have a pair of small horns on your head. [potion of mutation]
  7955 | D:8      | Reached XP level 10. HP: 72/80 MP: 17/17
  8203 | D:8      | XOM: divination: magic mapping
  8322 | D:8      | XOM: smoke on damage
  8363 | D:8      | XOM: harmless Chrm miscast
  8552 | D:8      | XOM: harmless Tloc miscast
  8645 | D:8      | Reached skill level 5 in Short Blades
  8645 | D:8      | Reached skill level 5 in Long Blades
  8645 | D:8      | Reached skill level 5 in Maces & Flails
  8645 | D:8      | Reached skill level 5 in Polearms
  8645 | D:8      | Reached skill level 5 in Staves
  8645 | D:8      | Reached skill level 5 in Slings
  8645 | D:8      | Reached skill level 5 in Bows
  8645 | D:8      | Reached skill level 5 in Crossbows
  8645 | D:8      | Reached skill level 5 in Throwing
  8645 | D:8      | Reached skill level 5 in Stealth
  8645 | D:8      | Reached skill level 5 in Shields
  8645 | D:8      | Reached skill level 5 in Unarmed Combat
  8645 | D:8      | Reached skill level 5 in Spellcasting
  8645 | D:8      | Reached skill level 5 in Evocations
  8827 | D:9      | Noticed a two-headed ogre
  8885 | D:8      | Lost mutation: Scrolls take you a little longer to read. [evolution]
  8961 | D:9      | XOM: enchant monster (bad)
  9076 | D:9      | XOM: potion effect (invisibility)
  9078 | D:9      | XOM: noise
  9080 | D:9      | XOM: confusion (+ monsters)
  9088 | D:9      | XOM: harmless Chrm miscast
  9093 | D:9      | Killed a two-headed ogre
  9268 | D:9      | Found Vecoup's Assorted Antiques.
  9275 | D:9      | XOM: blink monster(s)
  9277 | D:9      | XOM: noise
  9291 | D:9      | XOM: swap monsters
  9497 | D:9      | XOM: give mutations
  9497 | D:9      | Lost mutation: You have a pair of small horns on your head. [Xom's mischief]
  9497 | D:9      | Gained mutation: Your flesh is cold resistant. (rC+) [Xom's mischief]
  9497 | D:9      | Noticed a guardian serpent
  9508 | D:9      | XOM: potion effect (might)
  9512 | D:9      | Killed a guardian serpent
  9685 | D:9      | XOM: harmless Erth miscast
  9692 | D:9      | Noticed a four-headed hydra
  9694 | D:9      | XOM: summons 5 friendly demons
  9708 | D:10     | XOM: stealth player
  9708 | D:10     | Entered Level 10 of the Dungeon
  9818 | D:10     | Found a staircase to the Orcish Mines.
  9818 | D:10     | XOM: divination: detect items
  9837 | D:10     | XOM: divination: magic mapping
  9839 | D:10     | XOM: divination: detect creatures
  9840 | D:10     | Reached XP level 11. HP: 75/87 MP: 19/19
  9840 | D:10     | XOM: divine lightning
  9845 | D:10     | XOM: polymorph orc warrior -> worker ant
  9866 | D:10     | XOM: cast spell 'Statue Form'
 10229 | D:10     | XOM: fog
 10247 | D:10     | XOM: polymorph orc -> hobgoblin
 10444 | D:9      | HP: 3/87 [orc warrior/dire flail (20)]
 10671 | D:9      | XOM: cloud trail
 10721 | D:9      | Killed a four-headed hydra
 10721 | D:9      | Reached skill level 5 in Conjurations
 10721 | D:9      | Reached skill level 5 in Hexes
 10721 | D:9      | Reached skill level 5 in Charms
 10721 | D:9      | Reached skill level 5 in Summonings
 10721 | D:9      | Reached skill level 5 in Necromancy
 10721 | D:9      | Reached skill level 5 in Translocations
 10721 | D:9      | Reached skill level 5 in Transmutations
 10721 | D:9      | Reached skill level 5 in Fire Magic
 10721 | D:9      | Reached skill level 5 in Ice Magic
 10721 | D:9      | Reached skill level 5 in Air Magic
 10721 | D:9      | Reached skill level 5 in Earth Magic
 10721 | D:9      | Reached skill level 5 in Poison Magic
 10870 | D:9      | Found a staircase to the Lair.
 10907 | D:9      | XOM: mild Ice miscast
 11074 | D:9      | XOM: cloud trail
 11084 | D:9      | XOM: give mutations
 11084 | D:9      | Gained mutation: You are surrounded by a mild repulsion field. (EV +2) [Xom's grace]
 11084 | D:9      | Gained mutation: You have sharp toenails. [Xom's grace]
 11084 | D:9      | Gained mutation: You are partially covered in icy blue scales. (AC +2) [Xom's grace]
 11199 | D:9      | Gained mutation: Your flesh is heat resistant. (rF+) [evolution]
 11275 | D:10     | XOM: fog
 11314 | D:10     | Noticed Gastronok
 11350 | D:10     | XOM: summons friendly white imp
 11425 | Lair:1   | Entered Level 1 of the Lair of Beasts
 11575 | D:6      | Killed a two-headed ogre
 11594 | D:6      | XOM: give mutations
 11594 | D:6      | Gained mutation: Your flesh is very heat resistant. (rF++) [Xom's grace]
 11594 | D:6      | Gained mutation: You are robust. (+10% HP) [Xom's grace]
 11594 | D:6      | Gained mutation: Your muscles are strong. (Str +2) [Xom's grace]
 12271 | Lair:1   | XOM: polymorph komodo dragon -> hippogriff
 12284 | Lair:1   | XOM: 9-stop teleportation journey
 12489 | Lair:2   | XOM: confuse monster(s)
 12542 | Lair:2   | XOM: cleaving
 12553 | Lair:2   | XOM: summons 2 friendly demons
 12556 | Lair:2   | XOM: summons friendly ufetubus
 12562 | Lair:2   | XOM: medium Conj miscast
 12566 | Lair:2   | XOM: divination: magic mapping
 12604 | Lair:2   | XOM: scenery: create altars
 12698 | Lair:2   | XOM: cloud trail
 12765 | Lair:2   | XOM: divination: detect items
 12777 | Lair:3   | XOM: noise
 12786 | Lair:3   | Found a hole to the Spider Nest.
 12826 | Lair:3   | XOM: cloud trail
 12827 | Lair:3   | Noticed Harold
 12828 | Lair:3   | Found a frozen archway.
 12876 | IceCv    | Entered an ice cave
 12925 | IceCv    | XOM: mild Hex miscast
 13075 | IceCv    | XOM: confusion (+ monsters)
 13082 | IceCv    | Slain by a polar bear

Vault maps used:
D:1:      minmay_arrival_hallway, serial_corexii_hall, corexii_hall_statues_t,
          corexii_hall_statues_i, grunt_decor_fettered
D:2:      palyth_stone_intersect, fedhas_altar_3
D:4:      minmay_overflow_temple_hex, first_ration
D:5:      xom_butterflies, overflow_temple_1_default,
          nicolae_ashenzari_panopticon, uniq_edmund
D:6:      serial_shops, kennysheep_mini_moat, uniq_blork_the_orc, uniq_eustachio
D:7:      minmay_temple_entry_statues, gammafunk_ghost_cemetery, serial_shops,
          shop, the_bakery, uniq_prince_ribbit1, uniq_pikel
D:9:      david_lair_shrubbed, serial_shops, nicolae_shop_crystal,
          nrook_guardian_serpent_double
D:10:     kennysheep_orc_monster_closet_entryway, uniq_gastronok
Lair:2:   swamp_mist, lemuel_old_faithful, grunt_megastairs_5
Lair:3:   spider_nest_entry_rubble, portal_ice_cave_rime, uniq_harold, uniq_urug
IceCv:    ice_cave_caverns_03

Skill      XL: |  1  2  3  4  5  6  7  8  9 10 11 |
---------------+----------------------------------+-----
Invocations    | 1 2 3 4 5 6 7 |  7.1
Short Blades   | 1 2 4 5 6 |  6.5
Long Blades    | 1 2 4 5 6 |  6.5
Maces & Flails | 1 2 4 5 6 |  6.5
Polearms       | 1 2 4 5 6 |  6.5
Staves         | 1 2 4 5 6 |  6.5
Slings         | 1 2 4 5 6 |  6.5
Bows           | 1 2 4 5 6 |  6.5
Crossbows      | 1 2 4 5 6 |  6.5
Throwing       | 1 2 4 5 6 |  6.5
Stealth        | 1 2 4 5 6 |  6.5
Shields        | 1 2 4 5 6 |  6.5
Unarmed Combat | 1 2 4 5 6 |  6.5
Spellcasting   | 1 2 4 5 6 |  6.5
Evocations     | 1 2 4 5 6 |  6.5
Conjurations   | 1 2 3 4 5 |  5.3
Hexes          | 1 2 3 4 5 |  5.3
Charms         | 1 2 3 4 5 |  5.3
Summonings     | 1 2 3 4 5 |  5.3
Necromancy     | 1 2 3 4 5 |  5.3
Translocations | 1 2 3 4 5 |  5.3
Transmutations | 1 2 3 4 5 |  5.3
Fire Magic     | 1 2 3 4 5 |  5.3
Ice Magic      | 1 2 3 4 5 |  5.3
Air Magic      | 1 2 3 4 5 |  5.3
Earth Magic    | 1 2 3 4 5 |  5.3
Poison Magic   | 1 2 3 4 5 |  5.3
Dodging        | 3 4 5 6 7 |  7.0
Armour         | 5 6 7 8 |  8.0
Fighting       | 7 8 9 |  9.3
Axes           | 7 8 9 |  9.3

Action                   |  1- 3 |  4- 6 |  7- 9 | 10-12 || total
-------------------------+-------+-------+-------+-------++-------
Melee: Hand axe          |    89 |   155 |   355 |       ||   599
       Bite              |     9 |    19 |    48 |    63 ||   139
       Punch             |       |       |     3 |       ||     3
       Rapier            |       |       |    77 |   336 ||   413
       Headbutt          |       |       |     4 |    30 ||    34
       Whip              |       |       |       |   138 ||   138
       Kick              |       |       |       |    66 ||    66
Evoke: Wand              |       |     3 |       |       ||     3
  Use: Potion            |       |     7 |     3 |     9 ||    19
       Scroll            |       |     2 |     3 |     7 ||    12
 Stab: Paralysed         |     2 |       |     5 |     1 ||     8
       Petrifying        |     1 |     2 |       |       ||     3
       Confused          |       |     2 |     2 |       ||     4
       Petrified         |       |     1 |     2 |     4 ||     7
       Sleeping          |       |       |     2 |     9 ||    11
       Distracted        |       |       |     1 |     1 ||     2
  Eat: Chunk             |       |     6 |    17 |     9 ||    32
       Ration            |       |       |       |     4 ||     4
Armor: Leather armour    |    29 |     7 |    49 |   109 ||   194
       Skin              |       |     7 |       |     5 ||    12
       Chain mail        |       |    69 |   109 |       ||   178
Dodge: Dodged            |    60 |    82 |   180 |   368 ||   690
Block: Buckler           |       |       |     3 |   119 ||   122

Table legend:
 A = Spawn XP
 B = Non-spawn XP
 C = Spawn XP percentage of total XP
 D = Spawn monster count
 E = Non-spawn monster count
 F = Spawn count percentage of total count
 G = Total turns spent on level
                    A         B        C        D         E        F      G
               +---------+---------+-------+---------+---------+-------+---------
         Total |       0 |   16195 |   0.0 |       0 |     245 |   0.0 | 13082
               +---------+---------+-------+---------+---------+-------+---------
           D:1 |       0 |      19 |   0.0 |       0 |      12 |   0.0 |   505
           D:2 |       0 |      95 |   0.0 |       0 |      20 |   0.0 |   637
           D:3 |       0 |      83 |   0.0 |       0 |      22 |   0.0 |  1031
           D:4 |       0 |     334 |   0.0 |       0 |      15 |   0.0 |   941
           D:5 |       0 |     862 |   0.0 |       0 |      31 |   0.0 |  1338
           D:6 |       0 |    1632 |   0.0 |       0 |      19 |   0.0 |  1542
           D:7 |       0 |    1994 |   0.0 |       0 |      21 |   0.0 |  1862
           D:8 |       0 |    1997 |   0.0 |       0 |      35 |   0.0 |  1920
           D:9 |       0 |    3905 |   0.0 |       0 |      24 |   0.0 |  1715
          D:10 |       0 |    2295 |   0.0 |       0 |      27 |   0.0 |   681
        Lair:1 |       0 |     472 |   0.0 |       0 |       4 |   0.0 |   117
        Lair:2 |       0 |    1555 |   0.0 |       0 |      10 |   0.0 |   488
        Lair:3 |       0 |     595 |   0.0 |       0 |       2 |   0.0 |    99
         IceCv |       0 |     357 |   0.0 |       0 |       3 |   0.0 |   206
               +---------+---------+-------+---------+---------+-------+---------
